 Dungeon Crawl Stone Soup version 0.21-a0-122-g43b3ea6 (webtiles) character file.

129 grindst0ne the Chopper (level 5, -1/54 HPs)
             Began as a Halfling Skald on July 13, 2017.
             Slain by a sky beast (5 damage)
             ... on level 3 of the Dungeon.
             The game lasted 00:05:39 (2618 turns).

grindst0ne the Chopper (Halfling Skald)             Turns: 2618, Time: 00:05:40

Health: -1/54      AC:  6    Str: 18    XL:     5   Next: 35%
Magic:  0/7        EV: 14    Int: 11    God:
Gold:   105        SH:  0    Dex: 14    Spells: 4/7 levels left

rFire    . . .     SeeInvis .   a - +0 hand axe
rCold    . . .     Gourm    .   (shield restricted)
rNeg     . . .     Faith    .   j - +3 leather armour
rPois    .         Spirit   .   (no helmet)
rElec    .         Reflect  .   (no cloak)
rCorr    .         Harm     .   (no gloves)
MR       .....                  (no boots)
Stlth    ..........             (no amulet)
HPRegen  0.18/turn              (no ring)
MPRegen  0.10/turn              (no ring)

@: berserking, infused (expiring), very slightly contaminated, very quick
A: mutation resistance 1
a: no special abilities


You were on level 3 of the Dungeon.
You were not hungry.

You visited 1 branch of the dungeon, and saw 3 of its levels.

You collected 105 gold pieces.

Inventory:

Hand Weapons
 a - a +0 hand axe (weapon)
Armour
 b - a +0 leather armour
 i - a +0 chain mail
 j - a +3 leather armour (worn)
Wands
 m - a wand of acid (7/15)
Scrolls
 f - a scroll of amnesia {unknown}
 k - a scroll of immolation {unknown}
 l - 2 scrolls of teleportation {unknown}
 n - a scroll of noise {unknown}
 o - a scroll of identify {unknown}
Potions
 e - a potion of berserk rage
Books
 c - a book of Battle

   Spells                             Type                      Level
   a - Infusion                       Charms                       1
   b - Shroud of Golubria             Charms/Translocation         2
   c - Song of Slaying                Charms                       2
   d - Spectral Weapon                Hexes/Charms                 3
   e - Regeneration                   Charms/Necromancy            3
Comestibles
 d - 2 bread rations
 g - a royal jelly
 h - 3 meat rations
 p - 4 chunks of flesh


   Skills:
 + Level 3.4 Fighting
 + Level 3.9 Axes
 - Level 1.1 Armour
 - Level 2.1 Dodging
 - Level 1.5 Spellcasting
 - Level 3.2 Charms


You had 4 spell levels left.
You knew the following spells:

 Your Spells              Type           Power        Failure   Level  Hunger
a - Infusion              Chrm           #...         10%         1    ##.....
b - Shroud of Golubria    Chrm/Tloc      #.........   28%         2    ###....


Dungeon Overview and Level Annotations

Branches:
Dungeon (3/15)

Altars:
Cheibriados


Innate Abilities, Weirdness & Mutations

You are small and have problems with some larger weapons.
You are somewhat resistant to further mutation.


Message History

The sky beast is severely wounded.
Your magical infusion is running out.
The sky beast hits you but does no damage.
You barely miss the sky beast.
The sky beast is severely wounded.
The sky beast hits you.
* * * LOW HITPOINT WARNING * * *
The sky beast shocks you.
* * * LOW HITPOINT WARNING * * *
You miss the sky beast.
The sky beast is severely wounded.
The sky beast hits you but does no damage.
You hit the sky beast!
The sky beast is almost dead.
You closely miss the sky beast.
The sky beast is almost dead.
The sky beast hits you.
* * * LOW HITPOINT WARNING * * *
The sky beast shocks you.
You die...

#########
#...≈...#
#.#####....
#.# # #Y#
#@# #.#
#.#####
#.....#
#####.#
##..#
##...####.
#.......'.
##...####.


You could see a sky beast.

Vanquished Creatures
  6 adders
  An ooze (D:3)
  A dart slug (D:1)
  3 leopard geckos
  5 bats (D:1)
  3 giant cockroaches (D:1)
  5 goblins
  7 hobgoblins
  14 jackals
  A quokka (D:1)
  2 ball pythons
  7 frilled lizards
  4 kobolds
  4 rats
63 creatures vanquished.

Notes
Turn   | Place    | Note
-------+----------+-------------------------------------------
     0 | D:1      | grindst0ne the Halfling Skald began the quest for the Orb.
     0 | D:1      | Reached XP level 1. HP: 14/14 MP: 3/3
   151 | D:1      | Reached XP level 2. HP: 8/19 MP: 4/4
   555 | D:1      | Reached XP level 3. HP: 17/25 MP: 0/5
  1262 | D:2      | Learned a level 2 spell: Shroud of Golubria
  1278 | D:2      | Reached XP level 4. HP: 29/30 MP: 1/6
  1944 | D:2      | Found a snail-covered altar of Cheibriados.
  2152 | D:3      | Reached XP level 5. HP: 22/36 MP: 4/7
  2592 | D:3      | Noticed a sky beast
  2618 | D:3      | Slain by a sky beast

Vault maps used:
D:1:      onia_arrival_larder, patterned_corridor
D:2:      lemuel_coloured_pillars_altar
D:3:      uniq_terence

Skill      XL: |  1  2  3  4 |
---------------+-------------+-----
Fighting       | 2 3 |  3.4
Axes           | 3 |  3.9
Armour         | |  1.1
Dodging        | |  2.1
Spellcasting   | |  1.5
Charms         | |  3.2

Action                   |  1- 3 |  4- 6 || total
-------------------------+-------+-------++-------
Melee: Hand axe          |   145 |   120 ||   265
 Cast: Infusion          |     3 |     8 ||    11
       Shroud of Golubri |     1 |     3 ||     4
  Use: Potion            |       |     1 ||     1
  Eat: Chunk             |     1 |     6 ||     7
Armor: Leather armour    |    19 |    46 ||    65
       Chain mail        |    47 |       ||    47
Dodge: Dodged            |    91 |    83 ||   174
